 Dungeon Crawl Stone Soup version bcrawl-1.27.7 (webtiles) character file.

Game seed: 10199259538425571600

10412388 Quickbrownfox the Peltast (level 18, -3/154 HPs)
             Began as a Minotaur Fighter on Oct 21, 2020.
             Was the Champion of Okawaru.
             Hit by a javelin of penetration thrown by a merfolk javelineer (14 damage)
             ... on level 3 of the Shoals.
             The game lasted 01:58:36 (27171 turns).

Quickbrownfox the Peltast (Minotaur Fighter)       Turns: 27171, Time: 01:58:36

Health: -3/154     AC: 22    Str: 27    XL:     18   Next: 14%
Magic:  25/25      EV: 16    Int:  4    God:    Okawaru [******]
Gold:   1523       SH: 46    Dex: 16    Spells: 17/17 levels left

rFire    + . .     SeeInvis .   J - +9 long sword of Roduro {drain, *Noise rC+ Dex+2}
rCold    + . .     Gourm    .   a - +18 shield of the Gong {rElec rN+ MR+ EV-5}
rNeg     + + .     Faith    .   t - quicksilver dragon scales of Fabulous Awe {rF+ rN+ MR+}
rPois    +         Spirit   .   X - +2 hat {MR+}
rElec    +         Reflect  +   P - scarf {clouds}
rCorr    .         Harm     .   G - +2 pair of gloves {Dex+3}
MR       +++++                  c - +2 pair of boots {run}
Stlth    ..........             x - +6 amulet of reflection
HPRegen  0.35/turn              f - ring "Xokicetu" {rPois Int-2 Slay+2 Stlth--}
MPRegen  0.19/turn              v - +4 ring of slaying

@: quick
A: retaliatory headbutt, horns 2, talons 1, magic resistance 1
}: 1/15 runes: gossamer
a: Heroism, Finesse, Renounce Religion, Evoke Fog


You were on level 3 of the Shoals.
You worshipped Okawaru.
Okawaru was exalted by your worship.
You were hungry.

You visited 7 branches of the dungeon, and saw 28 of its levels.
You also visited: Sewer, Ossuary and Ice Cave.

You collected 3748 gold pieces.
You spent 2225 gold pieces at shops.

Inventory:

Hand Weapons
 b - a +4 double sword of holy wrath
 p - a +6 hand crossbow of freezing
 J - the +9 long sword of Roduro (weapon) {drain, *Noise rC+ Dex+2}
   (You found it on level 12 of the Dungeon)

   A truly terrible weapon, it drains the life of those it strikes.
   It affects your dexterity (+2).
   It protects you from cold.
   It may make noises in combat.
 S - the +9 rapier "Ocsitog" {drain, rN+++ Str-3 Dex+2 SInv}
   (You found it on level 8 of the Dungeon)

   A truly terrible weapon, it drains the life of those it strikes.
   It affects your strength (-3).
   It affects your dexterity (+2).
   It renders you almost immune to negative energy.
   It lets you see invisible.
Missiles
 n - 974 poisoned tomahawks (quivered)
 B - 560 bolts
Armour
 a - the +18 shield of the Gong (worn) {rElec rN+ MR+ EV-5}
   (You bought it in a shop on level 7 of the Dungeon)

   It affects your evasion (-5).
   It insulates you from electricity.
   It protects you from negative energy.
   It affects your resistance to hostile enchantments.
 c - a +2 pair of boots of running (worn)
 t - the quicksilver dragon scales of Fabulous Awe (worn) {rF+ rN+ MR+}
   (Okawaru gifted it to you in the Orcish Mines)

   It protects you from fire.
   It protects you from negative energy.
   It affects your resistance to hostile enchantments.
 G - a +2 pair of gloves of dexterity (worn)
 O - the +0 pair of boots of Temperance {rElec rPois rF+ Str+4}
   (Okawaru gifted it to you on level 1 of the Elven Halls)

   It affects your strength (+4).
   It protects you from fire.
   It insulates you from electricity.
   It protects you from poison.
 P - a scarf of clouds (worn)
 X - a +2 hat of magic resistance (worn)
Jewellery
 f - the ring "Xokicetu" (left hand) {rPois Int-2 Slay+2 Stlth--}
   (You found it on level 1 of the Dungeon)

   [ring of attention]

   It affects your intelligence (-2).
   It affects your accuracy and damage with ranged weapons and melee attacks
   (+2).
   It protects you from poison.
   It makes you much less stealthy.
 v - a +4 ring of slaying (right hand)
 x - a +6 amulet of reflection (around neck)
Wands
 q - a wand of scattershot (4)
 y - a wand of flame (18)
 F - a wand of iceblast (23)
 L - a wand of digging (8)
Scrolls
 g - 4 scrolls of remove curse
 i - a scroll of fear
 k - 17 scrolls of teleportation
 m - a scroll of enchant weapon
 r - 3 scrolls of amnesia
 u - 3 scrolls of immolation
 H - 2 scrolls of enchant armour
 N - 2 scrolls of fog
 R - 3 scrolls of blinking
 T - 2 scrolls of magic mapping
 Z - 2 scrolls of summoning
Potions
 d - 2 potions of might
 h - 3 potions of curing
 j - 6 potions of flight
 l - 4 potions of lignification
 o - 9 potions of ambrosia
 s - a potion of invisibility
 C - 2 potions of cancellation
 D - 5 potions of agility
 E - 3 potions of haste
 I - 5 potions of resistance
 K - 2 potions of berserk rage
Miscellaneous
 Q - a lamp of fire (inert)
 U - a phial of floods
Comestibles
 e - 43 rations {!d}


   Skills:
 + Level 12.3 Fighting
 + Level 11.4(14.4) Short Blades
 + Level 15.8(17.2) Long Blades
   Level 1.5 Axes
 + Level 4.4 Crossbows
 + Level 7.8 Throwing
 + Level 10.7 Armour
 * Level 15.9 Dodging
 + Level 3.1 Stealth
 + Level 20.0 Shields
 + Level 10.8 Evocations


You had 17 spell levels left.
You didn't know any spells.
Your spell library contained the following spells:

 Spells                   Type           Power        Failure   Level  Hunger
 Apportation              Tloc           #.....       93%         1    None
 Corona                   Hex            #......      93%         1    None
 Flame Tongue             Conj/Fire      #....        93%         1    None
 Infusion                 Chrm           #.......     93%         1    None
 Sandblast                Erth           #.....       93%         1    None
 Shock                    Conj/Air       #....        93%         1    None
 Slow                     Hex            #.......     93%         1    None
 Summon Butterflies       Summ           #.......     93%         1    None
 Summon Small Mammal      Summ           #...         93%         1    None
 Call Imp                 Summ           #.....       98%         2    ####...
 Ensorcelled Hibernation  Hex/Ice        #.....       98%         2    ####...
 Flaming Arrows           Chrm/Fire      #.......     98%         2    ####...
 Swiftness                Chrm/Air       #.......     98%         2    ####...
 Beckoning                Tloc           #.........   100%        3    #####..
 Call Canine Familiar     Summ           #.......     100%        3    #####..
 Confuse                  Hex            #.......     100%        3    #####..
 Conjure Flame            Conj/Fire      #.......     100%        3    #####..
 Dazzling Orbs            Conj/Hex       #......      100%        3    #####..
 Inner Flame              Hex/Fire       N/A          100%        3    #####..
 Static Discharge         Air            #.......     100%        3    #####..
 Tukima's Dance           Hex            #.......     100%        3    #####..
 Airstrike                Air            #.........   100%        4    ######.
 Sticky Flame             Conj/Fire      #.......     100%        4    ######.
 Summon Ice Beast         Ice/Summ       #.......     100%        4    ######.
 Fireball                 Conj/Fire      #.........   100%        5    #######
 Lightning Bolt           Conj/Air       #.........   100%        5    #######
 Metabolic Englaciation   Hex/Ice        #.........   100%        5    #######
 Summon Lightning Spire   Summ/Air       #.......     100%        5    #######
 Bolt of Cold             Conj/Ice       #.........   100%        6    #######
 Freezing Cloud           Ice/Air        #.........   100%        6    #######
 Invisibility             Hex            #.......     100%        6    #######
 Ozocubu's Refrigeration  Ice            #.........   100%        6    #######
 Simulacrum               Ice/Necr       #.........   100%        6    #######
 Summon Hydra             Summ           #.........   100%        6    #######


Dungeon Overview and Level Annotations

Branches:
Dungeon (12/12)            Temple (1/1) D:7            Lair (6/6) D:8
 Shoals (3/3) Lair:4       Spider (3/3) Lair:3        Slime (0/5) Lair:6
    Orc (1/1) D:10            Elf (2/3) Orc          Vaults (0/3) D:11
 Depths (0/5) D:12

Altars:
Ashenzari
Cheibriados
Dithmenos
Elyvilon
Fedhas
Gozag
Hepliaklqana
Lugonu
Makhleb
Nemelex Xobeh
Okawaru
Ru
Trog
Uskayaw
Vehumet
Wu Jian
Xom
Yredelemnul
The Shining One
Jiyva

Shops:
D:7 ?}[(   D:8 *   D:9 [   D:11 :   Orc (*(!*


Innate Abilities, Weirdness & Mutations

You reflexively headbutt those who attack you in melee.
You have a pair of horns on your head.
You have sharp toenails.
You are resistant to hostile enchantments. (MR+)


Message History

You block the merfolk's attack.
GONNNNG!
The satyr shoots a sling bullet.
GONNNNG!
You reflect the sling bullet off an invisible shield around you!
The sling bullet hits the satyr!!
The merfolk completely misses you. You furiously retaliate!
You headbutt the merfolk!
The satyr plays a frightful melody on his pipes!
The satyr radiates an aura of fear!
You resist with almost no effort.
There is a stone staircase leading up, spattered with blood here.
You see here a wind drake corpse.
The satyr no longer looks unusually strong.
The faun no longer looks unusually strong.
The harpy claws you but does no damage. You block the harpy's attack.
SHROANNG!
You block the merfolk impaler's attack.
PANG!
The merfolk javelineer throws a javelin of penetration.
The javelin of penetration pierces through you!
You die...

.≈≈..≈≈≈≈......
.≈≈.≈≈≈≈.≈.....
..≈≈≈≈≈≈.........
≈..≈≈....((.......
≈≈≈≈≈≈)(..≈(......
≈≈≈≈..≈..c≈..(.)).
≈≈≈≈≈....cc)(.(...
≈≈≈≈≈...Hcc((.....
≈≈≈≈≈...†@cc(.....
≈≈≈≈≈≈.mmcmc?.....
≈≈≈≈.....mc......≈
≈.≈............[.≈
.........(.......≈
.....?.........≈.≈
........[(....≈≈.≈
.......≈≈≈....≈≈≈≈
...?...≈≈≈....≈≈.≈


You could see a merfolk impaler, a merfolk javelineer, 3 satyrs, 2 merfolk, 7
fauns and a harpy.

Vanquished Creatures
  Gastronok (Lair:3)
  A frost giant (IceCv)
  Louise (Spider:2)
  A deep elf sorcerer (Elf:1)
  4 ghost moths (Spider:3)
  4 emperor scorpions (Spider:3)
  A deep elf elementalist (Elf:2)
  The ghost of chipmonk the Tortoise, a journeyman MiBe of Trog (Lair:6)
  A deep elf demonologist (Elf:1)
  Nessos (Orc)
  A deep elf annihilator (Elf:1)
  2 spark wasps (Spider:3)
  3 merfolk javelineers
  A deep elf death mage (Elf:2)
  A fire dragon (D:12)
  2 vault guards (D:11)
  2 merfolk impalers
  2 peacekeepers (Elf:1)
  9 hydras
  An ice dragon (D:12)
  2 catoblepae (Lair:6)
  5 centaur warriors
  An alligator (Lair:5)
  7 dancing weapons (Elf:1)
  3 merfolk aquamancers
  11 sea snakes
  3 orc high priests (Orc)
  5 death yaks (Lair:6)
  4 two-headed ogres
  4 satyrs
  A deep troll shaman (Lair:6)
  6 deep elf knights
  An unseen horror (D:11)
  2 deep elf archers (Elf:1)
  2 lindwurms (Lair:6)
  5 cyclopes
  7 harpies
  16 orb spiders
  An orange crystal statue (Spider:1)
  5 orc knights
  2 oklob plants
  29 deep elf magi
  17 fauns
  4 orc sorcerers (Orc)
  24 wolf spiders
  5 ugly things
  12 elephants
  4 slime creatures (D:12)
  5 manticores
  3 centaur zombies
  4 torpor snails
  4 centaur skeletons
  2 black mambas (Lair:5)
  3 gargoyles
  2 ice statues (IceCv)
  7 cane toads
  8 demonic crawlers
  3 rime drakes
  A yaktaur (shapeshifter) (D:12)
  4 komodo dragons
  A freezing wraith (D:12)
  A yaktaur (D:11)
  A jumping spider (shapeshifter) (D:8)
  33 jumping spiders
  19 polar bears
  A troll (D:12)
  10 merfolk
  A queen bee (D:12)
  6 meliai
  12 hornets
  4 wind drakes
  13 blink frogs
  A raiju (shapeshifter) (D:11)
  A snapping turtle (shapeshifter) (Elf:1)
  15 dream sheep
  6 snapping turtles
  8 hippogriffs
  50 redbacks
  An air elemental (Elf:2)
  2 wyverns
  26 tarantellas
  4 wraiths
  12 spriggans (Lair:5)
  8 water elementals
  A vampire (D:12)
  2 shadows (D:11)
  3 basilisks
  36 yaks
  9 humans (D:11)
  A hungry ghost (D:5)
  A vampire mosquito (D:12)
  Menkaure (D:6)
  3 wargs
  11 crocodiles
  2 soldier ants
  5 water moccasins
  8 porcupines
  Duvessa (D:6)
  16 orc warriors
  An ice beast (D:8)
  2 sky beasts
  3 black bears
  An eye of draining (D:10)
  2 phantoms
  16 wolves
  7 ogres
  2 necrophages
  6 boggarts
  9 centaurs
  12 bullfrogs
  3 big kobolds
  An earth elemental (Elf:1)
  A water moccasin zombie (Ossuary)
  A wyvern zombie (D:9)
  6 scorpions
  Dowan (D:6)
  22 killer bees (D:12)
  2 howler monkeys
  2 electric eels
  13 crimson imps
  2 quasits
  A lava snake (Lair:3)
  15 orc priests
  2 hounds
  12 jellies
  A bullfrog skeleton (D:5)
  Crazy Yiuf (D:4)
  An iguana (D:5)
  16 orc wizards
  9 worker ants
  6 hell rats (Lair:6)
  7 merfolk sirens
  4 merfolk avatars
  2 big kobold zombies (Ossuary)
  A hound skeleton (D:4)
  2 mummies (Ossuary)
  13 gnolls
  A river rat (Sewer)
  17 adders
  2 shadow imps
  15 oozes (Lair:2)
  11 adder zombies
  3 adder skeletons
  A worm (D:2)
  2 dart slugs (D:1)
  5 leopard geckos
  54 orcs
  4 ball pythons
  3 bats
  7 giant cockroaches
  2 gnoll zombies (Ossuary)
  6 goblins
  8 hobgoblins
  12 jackals
  17 kobolds
  5 frilled lizards
  7 hobgoblin zombies (Ossuary)
  2 kobold zombies (Ossuary)
  3 orc zombies (Ossuary)
  2 quokka skeletons (D:6)
  28 rats
  A fungus (D:8)
  A plant (Lair:3)
1037 creatures vanquished.

Vanquished Creatures (collateral kills)
  A lindwurm (Lair:6)
  A black mamba (Lair:6)
  A polar bear (IceCv)
  A dream sheep (Lair:6)
  A yak (D:12)
  An orc warrior (Orc)
  A hell rat (Lair:6)
  An orc (D:12)
8 creatures vanquished.

Vanquished Creatures (others)
  A merfolk javelineer (Shoals:3)
  5 satyrs
  A deep elf knight (Elf:1)
  A cyclops (Shoals:2)
  An orb spider (Spider:3)
  2 orc knights (Orc)
  4 fauns
  2 deep elf magi (Elf:1)
  A demonic crawler (Spider:3)
  2 yaktaurs (D:11)
  A troll (D:7)
  5 merfolk
  A redback (Spider:3)
  A tarantella (Spider:3)
  A yak (D:12)
  A human (D:11)
  A warg (Orc)
  An orc warrior (D:12)
  2 centaurs
  A bullfrog zombie (D:7)
  2 orc wizards (Orc)
  9 fungi
  25 plants
71 creatures vanquished.

Grand Total: 1116 creatures vanquished

Notes
Turn   | Place    | Note
-------+----------+-------------------------------------------
     0 | D:1      | Quickbrownfox the Minotaur Fighter began the quest for the
                  | Orb.
     0 | D:1      | Reached XP level 1. HP: 19/19 MP: 0/0
    58 | D:1      | Got a shimmering wooden ring
   142 | D:1      | Reached XP level 2. HP: 27/27 MP: 1/1
   392 | D:1      | Reached skill level 4 in Shields
   648 | D:1      | Reached XP level 3. HP: 33/33 MP: 2/2
  1061 | D:2      | Identified the cursed ring "Xokicetu" {rPois Int-2 Slay+2
                  | Stlth--} (You found it on level 1 of the Dungeon)
  1150 | D:2      | Found a hazy altar of Hepliaklqana.
  1152 | D:2      | Found a shattered altar of Ashenzari.
  1266 | D:2      | Found a corrupted altar of Lugonu.
  1388 | D:2      | Found a glowing golden altar of the Shining One.
  1569 | D:3      | Found a blossoming altar of Fedhas.
  1572 | D:3      | Reached XP level 4. HP: 39/41 MP: 3/3
  2266 | D:4      | Reached skill level 1 in Dodging
  2266 | D:4      | Reached XP level 5. HP: 34/47 MP: 4/4
  2357 | D:4      | Reached skill level 1 in Throwing
  2367 | D:4      | Reached XP level 6. HP: 33/53 MP: 5/5
  2370 | D:4      | Reached skill level 5 in Shields
  2370 | D:4      | Reached skill level 5 in Armour
  2688 | D:4      | Got a vibrating bone ring
  2689 | D:4      | Identified the cursed ring "Hulyiwn" {rF+ Stlth--} (You
                  | found it on level 4 of the Dungeon)
  2734 | D:4      | Reached skill level 5 in Long Blades
  2746 | D:4      | Reached XP level 7. HP: 60/60 MP: 6/6
  2912 | D:4      | Found a runed door.
  2916 | D:4      | Noticed Crazy Yiuf
  2923 | D:4      | Killed Crazy Yiuf
  2923 | D:4      | Reached skill level 1 in Evocations
  2972 | D:4      | Reached skill level 5 in Fighting
  2997 | D:5      | Entered Level 5 of the Dungeon
  3002 | D:5      | Noticed a hungry ghost
  3007 | D:5      | Killed a hungry ghost
  3198 | D:5      | Found a sand-covered staircase.
  3203 | Ossuary  | Entered an ossuary
  3373 | Ossuary  | Reached skill level 6 in Shields
  3618 | D:5      | Reached XP level 8. HP: 68/68 MP: 8/8
  3973 | D:5      | Reached skill level 7 in Shields
  4192 | D:6      | Found a sparkling altar of Nemelex Xobeh.
  4232 | D:6      | Found a glowing drain.
  4236 | Sewer    | Entered a sewer
  4526 | D:6      | Noticed Menkaure
  4542 | D:6      | Killed Menkaure
  4542 | D:6      | Reached skill level 8 in Shields
  4747 | D:6      | Reached XP level 9. HP: 74/74 MP: 10/10
  4884 | D:6      | Noticed Dowan
  4889 | D:6      | Killed Dowan
  4890 | D:6      | Noticed Duvessa
  4898 | D:6      | Killed Duvessa
  5287 | D:7      | Found a snail-covered altar of Cheibriados.
  5335 | D:7      | Found Keihas's Armour Shoppe.
  5335 | D:7      | Noticed a cyan ugly thing
  5335 | D:7      | Noticed a white ugly thing
  5335 | D:7      | Noticed a troll
  5346 | D:7      | Killed a white ugly thing
  5346 | D:7      | Reached skill level 9 in Shields
  5482 | D:7      | Found a staircase to the Ecumenical Temple.
  5521 | Temple   | Entered the Ecumenical Temple
  5624 | Temple   | Became a worshipper of Warmaster Okawaru
  5683 | D:7      | Found Vuphax's Magic Scroll Emporium.
  5689 | D:7      | Bought a scroll of identify for 22 gold pieces
  5689 | D:7      | Bought a scroll of identify for 22 gold pieces
  5807 | D:7      | Found Gaumar's Weapon Shop.
  5814 | D:7      | Bought a +2 pair of gloves of dexterity for 215 gold pieces
  5814 | D:7      | Bought the +3 scale mail of Disappointment {rN+ MR++} for
                  | 386 gold pieces
  5887 | D:8      | Noticed a two-headed ogre
  5946 | D:7      | Killed a cyan ugly thing
  5997 | D:7      | Found Iler's Gadget Shoppe.
  6113 | D:8      | Killed a two-headed ogre
  6113 | D:8      | Reached skill level 5 in Evocations
  6113 | D:8      | Reached XP level 10. HP: 55/84 MP: 12/12
  6118 | D:8      | Reached * piety under Okawaru
  6235 | D:8      | Reached skill level 10 in Shields
  6324 | D:8      | Found a staircase to the Lair.
  6370 | D:8      | Reached skill level 1 in Stealth
  6380 | D:8      | Found Iteijum's Assorted Antiques.
  6410 | D:8      | Bought a scroll of identify for 44 gold pieces
  6428 | D:8      | Got an ichor-stained rapier
  6429 | D:8      | Identified the +9 rapier "Ocsitog" {drain, rN+++ Str-3
                  | Dex+2 SInv} (You found it on level 8 of the Dungeon)
  6569 | D:8      | Reached skill level 1 in Axes
  7043 | D:9      | Reached ** piety under Okawaru
  7243 | D:9      | Identified the cursed ring of Vadum {+Fly rPois Str-3
                  | Stlth--}
  7251 | D:9      | Reached skill level 1 in Short Blades
  7745 | D:9      | Found Gofilac's Antique Armour Boutique.
  7790 | D:10     | Entered Level 10 of the Dungeon
  7873 | D:10     | Noticed a gargoyle
  7883 | D:10     | Killed a gargoyle
  7962 | D:10     | Reached *** piety under Okawaru
  7962 | D:10     | Reached XP level 11. HP: 89/92 MP: 14/14
  8004 | D:10     | Noticed a two-headed ogre
  8013 | D:10     | Killed a two-headed ogre
  8141 | D:10     | Noticed a brown ugly thing
  8151 | D:10     | Killed a brown ugly thing
  8151 | D:10     | Reached skill level 11 in Shields
  8224 | D:10     | Found a staircase to the Orcish Mines.
  8310 | D:10     | Noticed a two-headed ogre
  8318 | D:10     | Killed a two-headed ogre
  8318 | D:10     | Reached **** piety under Okawaru
  8318 | D:10     | Reached skill level 5 in Short Blades
  8318 | D:10     | Reached skill level 5 in Dodging
  8652 | D:11     | Noticed a green ugly thing
  8659 | D:11     | Killed a green ugly thing
  8739 | D:11     | Noticed a deep elf mage
  8740 | D:11     | Noticed a centaur warrior
  8740 | D:11     | Noticed a centaur warrior
  8749 | D:11     | Killed a centaur warrior
  8756 | D:11     | Killed a deep elf mage
  8756 | D:11     | Reached ***** piety under Okawaru
  8760 | D:11     | Killed a centaur warrior
  8766 | D:11     | Noticed a purple ugly thing
  8773 | D:11     | Killed a purple ugly thing
  8809 | D:11     | Noticed a vault guard
  8823 | D:11     | Killed a vault guard
  8827 | D:11     | Noticed a vault guard
  8842 | D:11     | Killed a vault guard
  8847 | D:11     | Reached XP level 12. HP: 85/101 MP: 16/16
  8849 | D:11     | Reached skill level 12 in Shields
  8888 | D:11     | Found a gate to the Vaults.
  8960 | D:11     | Received a gift from Okawaru
  9007 | D:11     | Noticed a five-headed hydra
  9015 | D:11     | Killed a five-headed hydra
  9015 | D:11     | Reached ****** piety under Okawaru
  9126 | D:11     | Noticed a two-headed ogre
  9126 | D:11     | Noticed a centaur warrior
  9135 | D:11     | Killed a centaur warrior
  9138 | D:11     | Killed a two-headed ogre
  9144 | D:11     | Found Zesisel's Book Shoppe.
  9458 | D:11     | Noticed a centaur warrior
  9463 | D:11     | Killed a centaur warrior
  9467 | D:11     | Received a gift from Okawaru
  9808 | D:12     | Entered Level 12 of the Dungeon
  9920 | D:12     | Reached skill level 13 in Shields
 10049 | D:12     | Reached skill level 10 in Short Blades
 10068 | D:12     | Reached XP level 13. HP: 98/108 MP: 18/18
 10232 | D:12     | Identified the +6 dagger of Gallantry {freeze, *Slow Dex+3}
 10232 | D:12     | Identified the ring "Ydiulanu" {Fire Int-2 Dex+5}
 10252 | D:12     | Received a gift from Okawaru
 10383 | D:12     | Got a steaming chain mail
 10394 | D:12     | Identified the +2 chain mail of the Present {rC+ Dex+2}
                  | (You found it on level 12 of the Dungeon)
 10855 | D:12     | Got an ichor-stained long sword
 10858 | D:12     | Got a twisted chain mail
 10869 | D:12     | Identified the +6 chain mail "Kewaf" {MR+ Int+4} (You found
                  | it on level 12 of the Dungeon)
 10881 | D:12     | Identified the +9 long sword of Roduro {drain, *Noise rC+
                  | Dex+2} (You found it on level 12 of the Dungeon)
 10916 | D:12     | Received a gift from Okawaru
 11072 | D:12     | Found a staircase to the Depths.
 11164 | D:12     | Noticed a fire dragon
 11180 | D:12     | Killed a fire dragon
 11540 | Orc      | Entered the Orcish Mines
 11602 | Orc      | Noticed Nessos
 11604 | Orc      | Killed Nessos
 11604 | Orc      | Reached skill level 10 in Long Blades
 11604 | Orc      | Reached skill level 14 in Shields
 11851 | Orc      | Found Oddy's Assorted Antiques.
 11867 | Orc      | Found Yzim's Distillery.
 11887 | Orc      | Received a gift from Okawaru
 12053 | Orc      | Got masterwork quicksilver dragon scales {god gift}
 12062 | Orc      | Bought a scroll of teleportation for 75 gold pieces
 12064 | Orc      | Bought a potion of heal wounds for 55 gold pieces
 12064 | Orc      | Found Zinacusmu's Assorted Antiques.
 12066 | Orc      | Found Muxirois's Weapon Shoppe.
 12220 | Orc      | Found Cuun's Antique Weapon Boutique.
 12248 | Orc      | Bought a glowing hand crossbow for 169 gold pieces
 12403 | Orc      | Identified the quicksilver dragon scales of Fabulous Awe
                  | {rF+ rN+ MR+} (Okawaru gifted it to you in the Orcish
                  | Mines)
 12419 | Orc      | Found a staircase to the Elven Halls.
 12591 | Orc      | Bought a buzzing battleaxe for 264 gold pieces
 12599 | Orc      | Identified the +2 battleaxe of Misery {vamp, Dex+5} (You
                  | bought it in a shop in the Orcish Mines)
 12750 | D:7      | Bought the +18 shield of the Gong {rElec rN+ MR+ EV-5} for
                  | 973 gold pieces
 12750 | D:7      | Found the +18 shield of the Gong {rElec rN+ MR+ EV-5}
 12834 | Lair:1   | Entered Level 1 of the Lair of Beasts
 13618 | Lair:2   | Reached XP level 14. HP: 102/118 MP: 20/20
 13619 | Lair:2   | Reached skill level 1 in Crossbows
 13619 | Lair:2   | Reached skill level 10 in Evocations
 14241 | Lair:2   | Reached skill level 5 in Throwing
 14581 | Lair:3   | Noticed Gastronok
 14582 | Lair:3   | Identified a scroll of acquirement
 14600 | Lair:3   | Killed Gastronok
 14621 | Lair:3   | Received a gift from Okawaru
 14677 | Lair:3   | Received a gift from Okawaru
 14680 | Lair:3   | Got a buzzing rapier {god gift}
 14683 | Lair:3   | Identified the +5 rapier "Moticej" {drain, Str+2} (Okawaru
                  | gifted it to you on level 3 of the Lair of Beasts)
 14727 | Lair:3   | Found a hole to the Spider Nest.
 14914 | Lair:3   | Found a frozen archway.
 14927 | IceCv    | Entered an ice cave
 14951 | IceCv    | Reached skill level 10 in Fighting
 15048 | IceCv    | Reached skill level 15 in Shields
 15222 | IceCv    | Noticed a frost giant
 15236 | IceCv    | Killed a frost giant
 15236 | IceCv    | Received a gift from Okawaru
 15253 | IceCv    | Identified a +2 pair of boots of running (Okawaru gifted it
                  | to you in an ice cave)
 15673 | Lair:3   | Found a snail-covered altar of Cheibriados.
 16266 | Lair:4   | Reached skill level 10 in Armour
 16911 | Lair:4   | Found a staircase to the Shoals.
 17026 | Lair:4   | Identified the +0 hat "Tidaoclump" {rF+} (You acquired it
                  | on level 4 of the Lair of Beasts)
 17026 | Lair:4   | Identified the ring of Igotisup {*Contam rElec Int+10 Dex+4
                  | SInv} (You acquired it on level 4 of the Lair of Beasts)
 17331 | Lair:5   | Reached XP level 15. HP: 86/128 MP: 21/21
 18053 | Lair:6   | Entered Level 6 of the Lair of Beasts
 18281 | Lair:5   | Received a gift from Okawaru
 18370 | Lair:5   | Gained mutation: Your spells are a little easier to cast,
                  | but a little less powerful. [potion of mutation]
 18370 | Lair:5   | Gained mutation: You are resistant to hostile enchantments.
                  | (MR+) [potion of mutation]
 18370 | Lair:5   | Gained mutation: You have sharp toenails. [potion of
                  | mutation]
 18371 | Lair:5   | Lost mutation: You have sharp toenails. [potion of
                  | mutation]
 18371 | Lair:5   | Lost mutation: Your spells are a little easier to cast, but
                  | a little less powerful. [potion of mutation]
 18371 | Lair:5   | Lost mutation: You are resistant to hostile enchantments.
                  | (MR+) [potion of mutation]
 18371 | Lair:5   | Gained mutation: You are partially covered in thin metallic
                  | scales. (AC +2) [potion of mutation]
 18371 | Lair:5   | Gained mutation: Your mind is acute. (Int +2) [potion of
                  | mutation]
 18372 | Lair:5   | Lost mutation: Your mind is acute. (Int +2) [potion of
                  | mutation]
 18372 | Lair:5   | Lost mutation: You are partially covered in thin metallic
                  | scales. (AC +2) [potion of mutation]
 18372 | Lair:5   | Gained mutation: You are partially covered in molten
                  | scales. (AC +2) [potion of mutation]
 18372 | Lair:5   | Gained mutation: You expend magic power (3 MP) to
                  | strengthen your wands. [potion of mutation]
 18445 | Lair:6   | Reached skill level 16 in Shields
 18489 | Lair:6   | Received a gift from Okawaru
 18526 | Lair:6   | Got a smoking chain mail
 18537 | Lair:6   | Identified the cursed +0 chain mail "Vofiom Myitt" {MR+
                  | Str+5 Int+4} (You found it on level 6 of the Lair of
                  | Beasts)
 18607 | Lair:6   | Found a staircase to the Slime Pits.
 18607 | Lair:6   | Found a viscous altar of Jiyva.
 18617 | Lair:6   | Found a runed translucent gate.
 18661 | Lair:6   | Found a runed translucent gate.
 18661 | Lair:6   | Found a runed translucent gate.
 18662 | Lair:6   | Noticed chipmonk's ghost (journeyman MiBe)
 18723 | Lair:6   | Killed chipmonk's ghost
 18984 | Lair:6   | Reached skill level 10 in Dodging
 19303 | Spider:1 | Entered Level 1 of the Spider Nest
 19360 | Spider:1 | Received a gift from Okawaru
 20547 | Spider:2 | Reached skill level 17 in Shields
 20656 | Spider:2 | Reached XP level 16. HP: 137/137 MP: 22/22
 20681 | Spider:2 | Received a gift from Okawaru
 20687 | Spider:2 | Noticed Louise
 20856 | Spider:2 | Killed Louise
 21463 | Spider:2 | Received a gift from Okawaru
 21914 | Spider:3 | Entered Level 3 of the Spider Nest
 22910 | Spider:3 | Reached skill level 18 in Shields
 22924 | Spider:3 | Received a gift from Okawaru
 22978 | Spider:3 | Got a gossamer rune of Zot
 23072 | Spider:3 | Lost mutation: You expend magic power (3 MP) to strengthen
                  | your wands. [potion of mutation]
 23072 | Spider:3 | Gained mutation: You are clumsy. (Dex -2) [potion of
                  | mutation]
 23072 | Spider:3 | Gained mutation: Your spells are a little easier to cast,
                  | but a little less powerful. [potion of mutation]
 23072 | Spider:3 | Gained mutation: You have an increased reservoir of magic.
                  | (+10% MP) [potion of mutation]
 23073 | Spider:3 | Lost mutation: You are clumsy. (Dex -2) [potion of
                  | mutation]
 23073 | Spider:3 | Lost mutation: Your spells are a little easier to cast, but
                  | a little less powerful. [potion of mutation]
 23073 | Spider:3 | Lost mutation: You have an increased reservoir of magic.
                  | (+10% MP) [potion of mutation]
 23073 | Spider:3 | Lost mutation: You are partially covered in molten scales.
                  | (AC +2) [potion of mutation]
 23073 | Spider:3 | Gained mutation: You tend to lose your temper in combat.
                  | [potion of mutation]
 23073 | Spider:3 | Gained mutation: Your skeleton is somewhat flexible. (Dex
                  | +3) [potion of mutation]
 23073 | Spider:3 | Gained mutation: Scrolls take you a little longer to read.
                  | [potion of mutation]
 23073 | Spider:3 | Gained mutation: You have large cloven feet. [potion of
                  | mutation]
 23074 | Spider:3 | Lost mutation: You have large cloven feet. [potion of
                  | mutation]
 23074 | Spider:3 | Lost mutation: Your skeleton is somewhat flexible. (Dex +3)
                  | [potion of mutation]
 23074 | Spider:3 | Lost mutation: Scrolls take you a little longer to read.
                  | [potion of mutation]
 23074 | Spider:3 | Lost intelligence.
 23074 | Spider:3 | Gained mutation: You are dopey. (Int -2) [potion of
                  | mutation]
 23074 | Spider:3 | Gained mutation: Your spells are a little harder to cast,
                  | but a little more powerful. [potion of mutation]
 23078 | Spider:3 | Lost mutation: You tend to lose your temper in combat.
                  | [potion of mutation]
 23078 | Spider:3 | Lost mutation: Your spells are a little harder to cast, but
                  | a little more powerful. [potion of mutation]
 23078 | Spider:3 | Lost mutation: You are dopey. (Int -2) [potion of mutation]
 23078 | Spider:3 | Gained mutation: You are resistant to hostile enchantments.
                  | (MR+) [potion of mutation]
 23078 | Spider:3 | Gained mutation: You have sharp toenails. [potion of
                  | mutation]
 23348 | Elf:1    | Entered Level 1 of the Elven Halls
 23367 | Elf:1    | Reached skill level 15 in Long Blades
 23657 | Elf:1    | Noticed a Hell Sentinel
 23684 | Elf:1    | Identified the +3 long sword "Janeul" {slice, Dex+5}
 23759 | Elf:1    | Reached XP level 17. HP: 73/144 MP: 24/24
 23939 | Elf:1    | Identified the Almanac of Calling
 24224 | Elf:1    | Identified the +0 pair of boots of Temperance {rElec rPois
                  | rF+ Str+4} (Okawaru gifted it to you on level 1 of the
                  | Elven Halls)
 24224 | Elf:1    | Received a gift from Okawaru
 25515 | Shoals:1 | Entered Level 1 of the Shoals
 25578 | Shoals:1 | Reached skill level 15 in Dodging
 25633 | Shoals:1 | Identified the ring of the Shining Light {rC+ MR+ Int+3}
                  | (You acquired it on level 1 of the Shoals)
 26121 | Shoals:2 | Received a gift from Okawaru
 26149 | Shoals:2 | Reached skill level 19 in Shields
 26660 | Shoals:3 | Entered Level 3 of the Shoals
 26686 | Shoals:3 | Identified the +8 great sword "Rysi" {freeze, +Rage rPois
                  | Str-5 Int+4} (Okawaru gifted it to you on level 3 of the
                  | Shoals)
 26686 | Shoals:3 | Received a gift from Okawaru
 26970 | Shoals:3 | Reached XP level 18. HP: 143/154 MP: 25/25
 27114 | Shoals:2 | Reached skill level 20 in Shields
 27171 | Shoals:3 | Hit by a javelin of penetration thrown by a merfolk
                  | javelineer

Skill      XL: |  1  2  3  4  5  6  7  8  9 10 11 12 13 14 15 16 17 18 |
---------------+-------------------------------------------------------+-----
Armour         | 4 5 7 8 9 10 | 10.7
Fighting       | 4 5 6 7 8 9 10 11 12 | 12.3
Shields        | 4 5 6 8 9 10 11 13 14 15 17 18 19 20 | 20.0
Long Blades    | 3 4 5 6 7 9 10 12 14 15 | 15.8
Dodging        | 1 2 3 4 5 6 8 11 14 15 | 15.9
Throwing       | 1 2 3 4 5 6 7 |  7.8
Evocations     | 2 3 5 6 7 8 9 10 | 10.8
Stealth        | 1 2 3 |  3.1
Axes           | 1 |  1.5
Short Blades   | 3 7 10 11 | 11.4
Crossbows      | 3 4 |  4.4

Action                   |  1- 3 |  4- 6 |  7- 9 | 10-12 | 13-15 | 16-18 || total
-------------------------+-------+-------+-------+-------+-------+-------++-------
Melee: Long sword        |    96 |   111 |   400 |    31 |  1088 |   519 ||  2245
       Headbutt          |    16 |    16 |    79 |    86 |   331 |   188 ||   716
       Rapier            |       |       |       |   411 |   125 |   153 ||   689
       Hand axe          |       |       |       |    21 |       |       ||    21
 Fire: Hand crossbow     |       |       |       |       |   100 |    37 ||   137
Throw: Tomahawk          |     1 |    18 |    14 |    14 |   100 |   128 ||   275
Invok: Heroism           |       |       |       |       |     1 |       ||     1
Evoke: Wand              |       |       |     7 |    16 |    30 |    35 ||    88
       Lamp of fire      |       |       |       |       |     3 |     4 ||     7
       Fan of gales      |       |       |       |       |     1 |       ||     1
       Phial of floods   |       |       |       |       |     2 |       ||     2
  Use: Scroll            |     3 |       |    13 |     4 |    25 |     5 ||    50
       Potion            |       |       |     5 |     1 |    10 |    13 ||    29
 Stab: Petrified         |       |       |       |       |     8 |       ||     8
  Eat: Chunk             |     5 |     7 |    19 |    24 |    54 |    28 ||   137
       Ration            |       |       |     1 |       |     3 |     2 ||     6
Armor: Scale mail        |    40 |    42 |   101 |    81 |     9 |       ||   273
       Chain mail        |       |       |       |       |    37 |       ||    37
       Quicksilver drago |       |       |       |       |   201 |   218 ||   419
Dodge: Dodged            |    18 |    26 |    80 |    75 |   167 |   159 ||   525
Block: Medium shield     |    46 |    81 |   360 |   340 |  1534 |  1279 ||  3640
       Reflection        |       |       |     8 |    25 |    34 |   187 ||   254
